 Dungeon Crawl Stone Soup version 0.31.0-32-g396128a36d (webtiles) character file.

Game seed: 9620609947875554410

208 PriceMaster the Apothecary (level 5, -1/31 HPs)
             Began as an Octopode Alchemist on Apr 22, 2024.
             Was a Follower of Uskayaw.
             Slain by Edmund
             ... wielding a +6 flail of protection
              (10 damage)
             ... on level 4 of the Dungeon.
             The game lasted 00:03:35 (3322 turns).

PriceMaster the Apothecary (Octopode Alchemist)     Turns: 3322, Time: 00:03:36

Health: -1/31      AC:  1    Str: 13    XL:     5   Next: 86%
Magic:  5/9        EV: 13    Int: 20    God:    Uskayaw [*.....]
Gold:   237        SH:  0    Dex: 12    Spells: 1/10 levels left

rFire   . . .        g - +2 short sword (flame)
rCold   . . .        (no shield)
rNeg    . . .        (helmet restricted)
rPois   .            (no amulet)
rElec   .            t - +6 ring of strength
rCorr   .            (no ring)
SInv    .            (no ring)
Will    .....        (no ring)
Stlth   +++          (no ring)
HPRegen 0.25/turn    (no ring)
MPRegen 0.11/turn    (no ring)
                     (no ring)

%: no passive effects
@: lethally poisoned (-1 -> -17), very slightly contaminated
A: almost no armour, amphibious, 8 rings, camouflage 1, gelatinous body 1,
(nimble swimmer 1), tentacles
a: Renounce Religion, Stomp


You were on level 4 of the Dungeon.
You worshipped Uskayaw.
Uskayaw was noncommittal.
You visited 1 branch of the dungeon, and saw 4 of its levels.

You collected 237 gold pieces.

Inventory:

Hand Weapons
 g - a +2 short sword of flaming (weapon)
Jewellery
 t - a +6 ring of strength (left tentacle)
Wands
 m - a wand of digging (6)
Scrolls
 b - 2 scrolls of vulnerability {unknown}
 c - 7 scrolls of identify {unknown}
 d - a scroll of silence {unknown}
 e - a scroll of summoning {unknown}
 f - a scroll of enchant armour {unknown}
 h - a scroll of noise {unknown}
 k - a scroll of teleportation {unknown}
 o - a scroll of blinking {unknown}
 q - a scroll of fear {unknown}
 r - a scroll of torment {unknown}
Potions
 i - a potion of mutation {unknown}
 j - a potion of heal wounds
 l - a potion of might {unknown}
 n - 2 potions of ambrosia {unknown}
 p - a potion of resistance {unknown}
 s - a potion of lignification {unknown}
 u - a potion of attraction {unknown}


   Skills:
 + Level 0.2 Fighting
 + Level 0.8 Short Blades
 + Level 2.5 Dodging
 + Level 3.8 Stealth
 + Level 0.4 Unarmed Combat
 + Level 3.0 Spellcasting
 + Level 1.9 Conjurations
 + Level 4.9 Alchemy


You had one spell level left.
You knew the following spells:

 Your Spells              Type           Power      Damage    Failure   Level
a - Sting                 Conj/Alch      64%        1d7       3%          1
b - Olgreb's Toxic Radia  Alch           22%        N/A       19%         4
c - Sticky Flame          Fire/Alch      13%        2d5       45%         4

Your spell library contained the following spells:

 Spells                   Type           Power      Damage    Failure   Level
 Mercury Vapours          Alch/Air       26%        N/A       8%          2
 Mephitic Cloud           Conj/Alch/Air  12%        N/A       16%         3


Dungeon Overview and Level Annotations

Branches:
Dungeon (4/15)
 Temple: D:4-7

Altars:
Ashenzari
Ru
Uskayaw

Shops:
D:1 [

Annotations:
D:4 Edmund


Innate Abilities, Weirdness & Mutations

You cannot wear most types of armour.
You are amphibious.
You can wear up to eight rings at the same time.
Your skin changes colour to match your surroundings (Stealth+).
Your rubbery body absorbs attacks. (AC +1, EV +1)
((You are camouflaged when in or above water. (Stealth+)))
You have tentacles for arms and can constrict up to eight enemies at once.


Message History

Your toxic aura wanes.
You feel very sick.
You can't see any susceptible monsters within range! (Use Z to cast anyway.)
You feel sick.
The sting hits Edmund but does no damage.
Edmund looks as sick as possible!
Edmund is moderately wounded.
You feel sick.
Edmund says, "I'm quite good with sums, too."
You are out of magic!
It was a potion of heal wounds.
You feel much better.
You feel sick.
You feel sick.
Okay, then.
Magic courses through your body.
You feel sick.
Edmund mutters, "Who needs spells, anyway?"
Casting: Sting (safe; 3% risk of failure)
Confirm with . or Enter, or press ? or * to list all spells.
You don't know that spell.
Okay, then.
Casting: Sting (safe; 3% risk of failure)
Confirm with . or Enter, or press ? or * to list all spells.
Aiming: Sticky Flame (astonishingly dangerous; 45% risk of failure)
Press: ? - help, Shift-Dir - straight line, f/p - Edmund
Aim: Edmund, wielding a +6 flail of protection and wearing a +3 chain mail of willpower (heavily wounded, very poisoned)
You miscast Sticky Flame.
Mercury flows from your tentacles.
You are more poisoned.
You feel very sick.
Edmund hits you with a +6 flail of protection!
Casting: Sticky Flame (astonishingly dangerous; 45% risk of failure)
Confirm with . or Enter, or press ? or * to list all spells.
Aiming: Sting (safe; 3% risk of failure)
Press: ? - help, Shift-Dir - straight line, f/p - Edmund
Aim: Edmund, wielding a +6 flail of protection and wearing a +3 chain mail of willpower (heavily wounded, very poisoned, 81% to hit)
The sting hits Edmund but does no damage.
Edmund looks as sick as possible!
Edmund is heavily wounded.
* * * LOW HITPOINT WARNING * * *
You feel very sick.
Edmund hits you with a +6 flail of protection!
You die...
Edmund whines, "They better pay attention to me now!"

....########...#................#
....#......#...#................#
....#......#...#....>...........#
....#......#...#.....#+##########
....#......#...#...<.# ..........
....#......#...#.....# ..........
....#......#...#.....# ..........
....#......#...@.....# ..........
....'......#...#@....# ...##....#
....#......#####.....#######....#
....#......................#....#
....#......................+...<#
....#####+#................#....#
....# #................#+####
....# #......................
##### #......)....#####......
+...........# #......


You could see Edmund (extremely poisoned).

Vanquished Creatures
  A hound (D:4)
  3 iguanas (D:4)
  Natasha (D:4)
  3 ribbon worms
  5 orcs
  10 ball pythons
  3 endoplasms
  A giant cockroach (D:3)
  5 goblins
  4 hobgoblins (D:1)
  2 jackals (D:4)
  7 quokkas
  9 bats
  5 frilled lizards
  5 kobolds
  4 rats
68 creatures vanquished.

Notes
Turn   | Place    | Note
-------+----------+-------------------------------------------
     0 | D:1      | PriceMaster the Octopode Alchemist began the quest for the
                  | Orb.
     0 | D:1      | Reached XP level 1. HP: 11/11 MP: 3/3
     2 | D:1      | Found Imiuseli's Armour Shoppe.
    95 | D:1      | Found a faded altar of an unknown god.
   184 | D:1      | Reached XP level 2. HP: 17/17 MP: 5/5
   201 | D:1      | Prayed at the altar of an unknown god.
   201 | D:1      | Became a worshipper of Uskayaw the Reveller
   201 | D:1      | Reached * piety under Uskayaw
   291 | D:1      | Reached ** piety under Uskayaw
   297 | D:1      | Reached *** piety under Uskayaw
   301 | D:1      | Reached **** piety under Uskayaw
   514 | D:1      | Reached XP level 3. HP: 19/21 MP: 0/6
   836 | D:2      | Reached skill level 4 in Alchemy
  1177 | D:2      | Found a broken altar of Ashenzari.
  1919 | D:3      | Reached XP level 4. HP: 20/27 MP: 1/7
  2511 | D:3      | Found a sacrificial altar of Ru.
  2711 | D:4      | Noticed Natasha
  2717 | D:4      | Killed Natasha
  2798 | D:4      | Reached XP level 5. HP: 17/31 MP: 4/9
  2862 | D:4      | Learned a level 4 spell: Olgreb's Toxic Radiance
  2867 | D:4      | Learned a level 4 spell: Sticky Flame
  3312 | D:4      | Noticed Edmund
  3322 | D:4      | Slain by Edmund

Illustrated notes

Levels and vault maps discovered:
D:1:      eino_arrival_water_cross, layout_basic, serial_shops,
          nicolae_shop_tiny_statue_garden, ebering_ecumenical_altar_abandoned,
          nrook_campfire, minmay_3d_cube
D:2:      layout_basic, basic_altar, serial_glass, glass_columns_a,
          glass_columns_a, glass_columns_a, glass_columns_a, glass_columns_c
D:3:      layout_basic, amcnicky_altar_gilded
D:4:      layout_gridville, dk_noncrumbling_2, serial_library_hellmonk_junction,
          minmay_misc_feat_pillars, uniq_edmund, uniq_natasha

Skill      XL: |  1  2  3  4  5 |
---------------+----------------+-----
Stealth        | 3 |  3.8
Alchemy        | 4 |  4.9
Spellcasting   | 3 |  3.0
Fighting       | |  0.2
Short Blades   | |  0.8
Dodging        | |  2.5
Unarmed Combat | |  0.4
Conjurations   | |  1.9

Action                     |  1- 3 |  4- 6 || total
---------------------------+-------+-------++-------
  Melee: Unarmed           |    35 |       ||    35
         Constrict         |    13 |     3 ||    16
         Tentacles         |     8 |     2 ||    10
         Short sword       |    11 |    10 ||    21
   Cast: Sting             |    67 |    31 ||    98
         Olgreb's Toxic Ra |       |     5 ||     5
    Use: Scroll            |     1 |       ||     1
         Potion            |       |     2 ||     2
   Stab: Sleeping          |     1 |     2 ||     3
         Paralysed         |     1 |       ||     1
 Armour: Skin              |    25 |    11 ||    36
  Dodge: Dodged            |    74 |     7 ||    81
